 Dungeon Crawl Stone Soup version 0.29-a0-668-g12ee2bf84d (webtiles) character file.

Game seed: 10608725337542164101

361 bande the Covered (level 6, 0/39 HPs)
             Began as a Gargoyle Fighter on June 23, 2022.
             Slain by a mummy (10 damage)
             ... in an ossuary.
             The game lasted 00:06:17 (3297 turns).

bande the Covered (Gargoyle Fighter)                Turns: 3297, Time: 00:06:18

Health: 0/39       AC: 13    Str: 19    XL:     6   Next: 66%
Magic:  6/6        EV:  7    Int: 15    God:
Gold:   199        SH: 10    Dex: 11    Spells: 5/5 levels left

rFire   . . .      SeeInvis .   a - +1 war axe
rCold   . . .      Faith    .   j - +2 kite shield
rNeg    + . .      Spirit   .   b - +0 scale mail
rPois   ∞          Reflect  .   c - +0 hat
rElec   +          Harm     .   f - +1 cloak
rCorr   .          Rampage  .   (no gloves)
Will    .....                   (no boots)
Stlth   ..........              (no amulet)
HPRegen 0.13/turn               g - +6 ring of intelligence
MPRegen 0.10/turn               (no ring)

@: marked
A: sickness immunity, AC +4, negative energy resistance 1, electricity
resistance, torment resistance 1, petrification resistance
a: no special abilities


You were in an ossuary.
You visited 1 branch of the dungeon, and saw 4 of its levels.
You also visited: Ossuary.

You collected 199 gold pieces.

Inventory:

Hand Weapons
 a - a +1 war axe (weapon)
Armour
 b - a +0 scale mail (worn)
 c - a +0 hat (worn)
 f - a +1 cloak (worn)
 j - a +2 kite shield (worn)
Jewellery
 g - a +6 ring of intelligence (left hand)
Wands
 l - a wand of flame (16)
Scrolls
 k - a scroll of identify
 m - a scroll of teleportation
Potions
 d - 2 potions of might
 e - a potion of cancellation
 h - 3 potions of curing
 i - a potion of heal wounds
 n - 2 potions of haste
 o - a potion of resistance
 p - a potion of lignification {unknown}


   Skills:
 + Level 4.3 Fighting
 + Level 4.3 Axes
 + Level 4.4 Armour
 + Level 4.1 Shields
 * Level 1.5 Evocations


You had 5 spell levels left.
You didn't know any spells.
Your spell library contained the following spells:

 Spells                   Type           Power      Damage    Failure   Level
 Ensorcelled Hibernation  Hex/Ice        0%         N/A       98%         2
 Gell's Gravitas          Tloc           0%         N/A       100%        3
 Lesser Beckoning         Tloc           0%         N/A       100%        3
 Spider Form              Tmut/Pois      0%         N/A       100%        3
 Teleport Other           Tloc           0%         N/A       100%        3
 Anguish                  Hex/Necr       0%         N/A       100%        4


Dungeon Overview and Level Annotations

Branches:
Dungeon (4/15)            Ossuary (1/1)
 Temple: D:4-7

Altars:


Innate Abilities, Weirdness & Mutations

You are immune to sickness and miasma.
Your stone body is resilient. (AC +4)
You are immune to poison.
You resist negative energy. (rN+)
You are resistant to electric shocks. (rElec)
You are resistant to unholy torment.
You are immune to petrification.


Message History

The human zombie is moderately damaged.
You hit the mummy but do no damage. The human zombie barely misses you.
The mummy hits you!
The human zombie hits you but does no damage.
Unknown command.
You hit the human zombie.
The human zombie is moderately damaged.
You barely miss the mummy. You slash the hobgoblin zombie!
You destroy the hobgoblin zombie!
You block the human zombie's attack.
You hit the human zombie but do no damage.
The human zombie is moderately damaged.
You barely miss the mummy. You hit the elf zombie.
The mummy hits you but does no damage. The elf zombie barely misses you.
The human zombie hits you but does no damage.
You hit the human zombie.
The human zombie is moderately damaged.
You hit the mummy. You slash the elf zombie! You block the mummy's attack.
The elf zombie hits you but does no damage.
The human zombie hits you but does no damage.
Unknown command.
You hit the human zombie.
The human zombie is heavily damaged.
You hit the mummy. You closely miss the elf zombie.
The elf zombie hits you but does no damage.
You block the human zombie's attack. The mummy hits you but does no damage.
You hit the human zombie.
The human zombie is heavily damaged.
You barely miss the elf zombie. You hit the mummy but do no damage.
The elf zombie hits you but does no damage.
The human zombie hits you but does no damage.
The mummy hits you.
* * * LOW HITPOINT WARNING * * *
The elf zombie hits you but does no damage.
You barely miss the human zombie.
The human zombie is heavily damaged.
You barely miss the mummy. You hit the elf zombie. The human zombie hits you.
* * * LOW HITPOINT WARNING * * *
The mummy hits you!
You die...

####################
#...................
#...................
#........8..8.......
#.....Z.MM..........
#...######Z.######..
#..Z# #..# #.. #.MZ#
#Z.# #.. #.Z@# #..#
#..
#...#.Z...M......#..
#...#.####.......#..
#...# #Z......#..
#...# #.......#..
#...# #.∩.....#..
#...# ....+####..
#...# #...# #..
#...# #..


You could see a mummy, a hobgoblin zombie, an elf zombie and a human zombie.

Vanquished Creatures
  2 scorpions
  2 centaur zombies (Ossuary)
  A jelly (D:4)
  An iguana (D:4)
  A mummy (Ossuary)
  2 adders
  An ufetubus (D:3)
  2 worms
  2 dart slugs (D:1)
  6 endoplasms
  4 giant cockroaches
  8 goblins (D:1)
  5 hobgoblins
  5 quokkas
  5 ball pythons
  8 bats
  2 frilled lizards (D:1)
  2 goblin zombies (Ossuary)
  8 hobgoblin zombies (Ossuary)
  6 kobolds
  7 kobold zombies (Ossuary)
  9 orc zombies (Ossuary)
  9 rats
98 creatures vanquished.

Notes
Turn   | Place    | Note
-------+----------+-------------------------------------------
     0 | D:1      | bande the Gargoyle Fighter began the quest for the Orb.
     0 | D:1      | Reached XP level 1. HP: 14/14 MP: 1/1
   140 | D:1      | Reached XP level 2. HP: 18/19 MP: 2/2
   949 | D:1      | Reached XP level 3. HP: 20/24 MP: 3/3
  1747 | D:2      | Reached XP level 4. HP: 29/29 MP: 4/4
  1847 | D:2      | Noticed a scorpion
  1852 | D:2      | Killed a scorpion
  1853 | D:2      | Reached XP level 5. HP: 33/33 MP: 5/5
  2949 | D:4      | Reached XP level 6. HP: 32/38 MP: 6/6
  3032 | D:4      | Reached skill level 1 in Evocations
  3127 | D:4      | Found a sand-covered staircase.
  3132 | Ossuary  | Entered an ossuary
  3297 | Ossuary  | Slain by a mummy

Illustrated notes

Levels and vault maps discovered:
D:1:      lemuel_arrival_funnel, layout_loops_corners, corexii_leaking_fountain,
          minmay_vboxes
D:2:      layout_rooms, mrwooster_statue_mirror, minivault_5
D:3:      layout_basic, minmay_misc_feat_tiny, minmay_stone_trees_small
D:4:      layout_basic, nicolae_ossuary_entry_plus
Ossuary:  ossuary_tomb_1

Skill      XL: |  1  2  3  4  5  6 |
---------------+-------------------+-----
Axes           | 2 3 4 |  4.3
Fighting       | 4 |  4.3
Armour         | 4 |  4.4
Shields        | 4 |  4.1
Evocations     | 1 |  1.5

Action                   |  1- 3 |  4- 6 || total
-------------------------+-------+-------++-------
Melee: War axe           |   110 |   135 ||   245
  Use: Scroll            |     6 |     7 ||    13
       Potion            |       |     1 ||     1
Armor: Scale mail        |    71 |    95 ||   166
Dodge: Dodged            |    71 |    62 ||   133
Block: Buckler           |    29 |     6 ||    35
       Kite shield       |       |    67 ||    67

Table legend: (Time is in decaauts)
 A = Elapsed time spent in this place.
 B = Non-inter-level travel time spent in this place.
 C = Inter-level travel time spent in this place.
 D = Time resting spent in this place.
 E = Time spent auto-exploring this place.
 F = Levels seen in this place.
 G = Mean time per level.
                   A        B        C        D        E       F      G
               +--------+--------+--------+--------+--------+-----+--------+
         Total |   3403 |   3358 |     45 |    249 |   2313 |   5 |  680.6 |
       Dungeon |   3210 |   3165 |     45 |    249 |   2261 |   4 |  802.5 |
       Ossuary |    193 |    193 |      0 |      0 |     52 |   1 |  193.0 |
               +--------+--------+--------+--------+--------+-----+--------+

Top non-repeatable levels by time:
     D:1: 1516 daAuts
     D:3: 745 daAuts
     D:2: 733 daAuts
     D:4: 214 daAuts
 Ossuary: 193 daAuts
